 Dungeon Crawl Stone Soup version 0.28.0-43-g3370ac3207 (webtiles) character file.

Game seed: 2029235645613273859

28 RascalDebosk the Digger (level 2, -7/15 HPs)
             Began as a Deep Elf Earth Elementalist on Mar 28, 2022.
             Mangled by a gnoll
             ... wielding a +3 spear
              (9 damage)
             ... on level 2 of the Dungeon.
             The game lasted 00:13:57 (1581 turns).

RascalDebosk the Digger (DEEE)                      Turns: 1581, Time: 00:14:00

Health: -7/15      AC:  2    Str:  5    XL:     2   Next: 96%
Magic:  5/8        EV: 13    Int: 19    God:
Gold:   42         SH:  0    Dex: 15    Spells: 4/7 levels left

rFire   . . .      SeeInvis .   d - +0 dagger
rCold   . . .      Faith    .   (no shield)
rNeg    . . .      Spirit   .   b - +0 robe
rPois   .          Reflect  .   h - +0 hat
rElec   .          Harm     .   (no cloak)
rCorr   +          Rampage  .   (no gloves)
Will    .....                   (no boots)
Stlth   ++........              (no amulet)
HPRegen 0.05/turn               a - ring of resist corrosion
MPRegen 0.11/turn               (no ring)

@: no status effects
A: no striking features
a: no special abilities


You were on level 2 of the Dungeon.
You visited 1 branch of the dungeon, and saw 2 of its levels.

You collected 42 gold pieces.

Inventory:

Hand Weapons
 d - a +0 dagger (weapon)
Missiles
 c - 5 stones
Armour
 b - a +0 robe (worn)
 h - a +0 hat (worn)
Magical Staves
 f - a staff of death
Jewellery
 a - a ring of resist corrosion (left hand)
Scrolls
 g - a scroll of teleportation {unknown}
Potions
 e - a potion of heal wounds {unknown}


   Skills:
 + Level 2.8 Dodging
 + Level 2.8 Stealth
 + Level 3.3 Spellcasting
 + Level 1.5 Transmutations
 + Level 3.5 Earth Magic
 + Level 1.0 Evocations


You had 4 spell levels left.
You knew the following spells:

 Your Spells              Type           Power      Damage    Failure   Level
a - Sandblast             Erth           32%        2d9       3%          1
b - Passwall              Tmut/Erth      10%        N/A       8%          2

Your spell library contained the following spells:

 Spells                   Type           Power      Damage    Failure   Level
 Stone Arrow              Conj/Erth      18%        3d8       22%         3
 Petrify                  Tmut/Erth      12%        N/A       45%         4


Dungeon Overview and Level Annotations

Branches:
Dungeon (2/15)

Altars:
The Shining One


Message History

Aim: a hobgoblin (almost dead, 79% to hit)
The blast of sand hits the hobgoblin.
You kill the hobgoblin!
You start resting.
Magic restored.
You start resting.
HP restored.
You see here a +0 short sword.
You now have 42 gold pieces (gained 8).
A gnoll comes into view. It is wielding a +3 spear.
You see here a +0 hat.
h - a +0 hat You start putting on your armour.
You continue putting on your +0 hat. x4
You finish putting on your +0 hat.
The gnoll shouts!
A gnoll comes into view. It is wielding a +0 spear.
A gnoll comes into view. It is wielding a +0 flail. x2
The gnoll hits you from afar with a +3 spear!
The gnoll hits you from afar with a +3 spear.
* * * LOW HITPOINT WARNING * * *
Unknown command.
Aiming: Sandblast (safe; 3% risk of failure)
Press: ? - help, Q - select action, (/) - cycle Shift-Dir - straight line, f - gnoll
Aim: a gnoll, wielding a +3 spear (82% to hit)
The blast of sand hits the gnoll!
The gnoll is almost dead.
The gnoll misses you.
Aiming: Sandblast (safe; 3% risk of failure)
Press: ? - help, Q - select action, (/) - cycle Shift-Dir - straight line, f/p - gnoll
Aim: a gnoll, wielding a +3 spear (almost dead, 82% to hit)
The blast of sand misses the gnoll.
The gnoll closely misses you.
Unknown command.
Aiming: Sandblast (safe; 3% risk of failure)
Press: ? - help, Q - select action, (/) - cycle Shift-Dir - straight line, f/p - gnoll
Aim: a gnoll, wielding a +3 spear (almost dead, 82% to hit)
The blast of sand misses the gnoll.
The gnoll hits you from afar with a +3 spear!
Ouch! That really hurt!
You die...

####......# #.##......#
#......# #.##......#
#......## #.##......#
##......# #.##......#
#......## #.##......#
#.......# #.##......#
#.....#g# #.##......#
#.....#.####.##......###
#.....#@.....##.......:.
#.....#......##.........
#.....#......##.#.###...
#.....#....).##.#+###...
#.....#.................
#########+##............
#.##...........†
#..#............
#..#............


You could see a gnoll.

Vanquished Creatures
  2 ball pythons (D:1)
  2 endoplasms (D:1)
  2 giant cockroaches
  3 goblins (D:1)
  4 hobgoblins (D:2)
  A quokka (D:1)
  3 bats
  3 frilled lizards (D:1)
  4 kobolds
  3 rats
27 creatures vanquished.

Notes
Turn   | Place    | Note
-------+----------+-------------------------------------------
     0 | D:1      | RascalDebosk the Deep Elf Earth Elementalist began the
                  | quest for the Orb.
     0 | D:1      | Reached XP level 1. HP: 10/10 MP: 6/6
   371 | D:1      | Found a faded altar of an unknown god.
   398 | D:1      | Reached XP level 2. HP: 15/15 MP: 5/8
   401 | D:1      | Learned a level 2 spell: Passwall
   991 | D:2      | Reached skill level 1 in Evocations
  1021 | D:2      | Found a glowing golden altar of the Shining One.
  1581 | D:2      | Mangled by a gnoll

Illustrated notes

Levels and vault maps discovered:
D:1:      scummos_arrival_star, layout_loops_cross, basic_ecumenical_altar
D:2:      layout_basic, basic_altar, dk_vineyard_1, bh_walls_and_bars,
          uniq_natasha, uniq_terence

Skill      XL: |  1  2 |
---------------+-------+-----
Evocations     | 1 |  1.0
Dodging        | |  2.8
Stealth        | |  2.8
Spellcasting   | |  3.3
Transmutations | |  1.5
Earth Magic    | |  3.5

Action                   || total
-------------------------++-------
Melee: Dagger            ||    59
       Punch             ||     1
 Cast: Sandblast         ||    27
 Stab: Sleeping          ||     4
Armor: Robe              ||    10
Dodge: Dodged            ||    40
